 Dungeon Crawl Stone Soup version 0.30-b1-2-g02819fbbbe (webtiles) character file.

Game seed: 12046046248680690625

187683 boyan the Crack Shot (level 18, -1/129 HPs)
             Began as a Gargoyle Hunter on July 5, 2023.
             Was an Initiate of Gozag.
             Shot with a bolt by a naga sharpshooter (22 damage)
             ... on level 4 of the Snake Pit on Dec 14, 2023.
             The game lasted 01:45:27 (30604 turns).

boyan the Crack Shot (Gargoyle Hunter)             Turns: 30604, Time: 01:45:27

Health: -1/129     AC: 28    Str: 17    XL:     18   Next: 52%
Magic:  18/18      EV: 21    Int: 15    God:    Gozag
Gold:   7830       SH:  0    Dex: 21    Spells: 17/17 levels left

rFire   + . .        o - +2 longbow (flame)
rCold   + . .        (shield currently unavailable)
rNeg    + + .        j - +4 Cigotuvi's embrace {Corpsefed rMiasma Drain rN+}
rPois   ∞            (no helmet)
rElec   +            m - +2 cloak {Stlth+}
rCorr   .            Y - +2 pair of gloves {rF+}
SInv    +            (no boots)
Will    +....        n - amulet of the acrobat
Stlth   +++          U - ring of see invisible
HPRegen 0.41/turn    q - ring "Heihuej" {+Blink EV+5 Str+3 Int+2 Dex+2}
MPRegen 0.16/turn

%: acrobat
@: gold aura, flying
A: sickness immunity, AC +13, big wings, negative energy resistance 1,
electricity resistance, torment resistance 1, petrification resistance, hooves
1, cold resistance 1, screaming 1
a: Renounce Religion, Evoke Blink, Potion Petition, Call Merchant, Bribe Branch


You were on level 4 of the Snake Pit.
You worshipped Gozag.
Gozag was greatly pleased with you.
You visited 5 branches of the dungeon, and saw 27 of its levels.
You also visited: Sewer.

You collected 9187 gold pieces.
You spent 678 gold pieces at shops.
You paid 679 gold pieces to Gozag.

Inventory:

Hand Weapons
 o - a +2 longbow of flaming (weapon)
 V - a +0 arbalest of freezing
Armour
 j - the +4 Cigotuvi's embrace (worn) {Corpsefed rMiasma Drain rN+}
   (You found it on level 5 of the Lair of Beasts)

   Corpsefed: It gathers nearby corpses to temporarily increase the armour it
   provides.
   rMiasma:   It protects you from foul pestilence.
   rN:        It protects you from negative energy.
   Drain:     It drains your maximum health when unequipped.
 m - a +2 cloak of stealth (worn)
 Y - a +2 pair of gloves of fire resistance (worn)
Jewellery
 l - a +4 ring of protection
 n - an amulet of the acrobat (around neck)
 q - the ring "Heihuej" (right hand) {+Blink EV+5 Str+3 Int+2 Dex+2}
   (You found it on level 1 of the Snake Pit)

   [ring of evasion]

   EV:        It affects your evasion (+5).
   Str:       It affects your strength (+3).
   Int:       It affects your intelligence (+2).
   Dex:       It affects your dexterity (+2).
   +Blink:    It lets you blink.
 y - a ring of protection from cold
 R - a ring of resist corrosion
 U - a ring of see invisible (left hand)
Wands
 a - a wand of mindburst (6)
 c - a wand of flame (14)
 g - a wand of acid (11)
 A - a wand of roots (1)
 P - a wand of paralysis (16)
 T - a wand of polymorph (11)
Scrolls
 b - a scroll of immolation
 e - 4 scrolls of poison
 f - 5 scrolls of identify
 h - 5 scrolls of teleportation
 i - 3 scrolls of fog
 p - 4 scrolls of magic mapping
 r - 3 scrolls of vulnerability
 s - 2 scrolls of blinking
 t - 3 scrolls of amnesia
 v - a scroll of torment {unknown}
 E - 4 scrolls of enchant weapon
 G - 6 scrolls of enchant armour
 K - 2 scrolls of fear
Potions
 d - 4 potions of resistance
 k - 5 potions of lignification
 u - 6 potions of cancellation
 x - 2 potions of curing
 D - a potion of magic
 F - 2 potions of haste
 I - a potion of ambrosia
 N - a potion of mutation
 O - 2 potions of invisibility
Miscellaneous
 Z - a condenser vane


   Skills:
 - Level 19.6 Fighting
 - Level 21.3 Ranged Weapons
 - Level 10.0 Armour
 - Level 6.1 Dodging
 - Level 1.1 Stealth
 + Level 9.8 Evocations


You had 17 spell levels left.
You didn't know any spells.
Your spell library contained the following spells:

 Spells                   Type           Power      Damage    Failure   Level
 Beastly Appendage        Tmut           0%         N/A       30%         1
 Necrotise                Necr           0%         1d4       30%         1
 Summon Small Mammal      Summ           0%         N/A       30%         1
 Ensorcelled Hibernation  Hex/Ice        0%         N/A       43%         2
 Passwall                 Tmut/Erth      0%         N/A       43%         2
 Wereblood                Tmut           0%         N/A       43%         2
 Call Canine Familiar     Summ           0%         N/A       67%         3
 Inner Flame              Hex/Fire       0%         N/A       67%         3
 Portal Projectile        Hex/Tloc       0%         N/A       67%         3
 Summon Guardian Golem    Hex/Summ       0%         N/A       67%         3
 Swiftness                Air            0%         N/A       67%         3
 Tukima's Dance           Hex            0%         N/A       67%         3
 Vampiric Draining        Necr           0%         2d6       67%         3
 Anguish                  Hex/Necr       0%         N/A       97%         4
 Dispel Undead            Necr           0%         3d6       97%         4
 Flame Wave               Conj/Fire      0%         2d4       97%         4
 Leda's Liquefaction      Hex/Erth       0%         N/A       97%         4
 Passage of Golubria      Tloc           0%         N/A       97%         4
 Sticky Flame             Conj/Fire      0%         2d3       97%         4
 Agony                    Necr           0%         N/A       100%        5
 Fireball                 Conj/Fire      0%         3d3       100%        5
 Iskenderun's Battlesphe  Conj           0%         2d6       100%        5
 Summon Mana Viper        Hex/Summ       0%         N/A       100%        5
 Yara's Violent Unravell  Hex/Tmut       0%         3d3       100%        5
 Conjure Ball Lightning   Conj/Air       0%         3x3d6     100%        6
 Death Channel            Necr           0%         N/A       100%        6
 Orb of Destruction       Conj           0%         9d5       100%        7
 Summon Hydra             Summ           0%         N/A       100%        7
 Discord                  Hex            0%         N/A       100%        8
 Necromutation            Tmut/Necr      0%         N/A       100%        8
 Cigotuvi's Dreadful Rot  Necr/Pois/Air  Unusable   N/A       N/A         2
 Sublimation of Blood     Necr           Unusable   N/A       N/A         2

Dungeon Overview and Level Annotations

Branches:
Dungeon (15/15) Temple (1/1) D:7 Lair (5/5) D:9 Swamp (0/4) Lair:2 Snake (4/4) Lair:2 Slime (0/5) Lair:4 Orc (2/2) D:11 Elf (0/3) Orc:2 Vaults (0/5) D:13 D:14 Depths (0/4) D:15 Sewer (visited)

Altars:
Ashenzari
Cheibriados
Dithmenos
Elyvilon
Fedhas
Gozag
Hepliaklqana
Kikubaaqudgha
Makhleb
Nemelex Xobeh
Okawaru
Qazlal
Ru
Sif Muna
Trog
Uskayaw
Vehumet
Wu Jian
Xom
Yredelemnul
Zin
The Shining One
Jiyva

Shops:
D:11 :?=*[   D:13 *   D:14 *   Orc:2 ([(*   Snake:3 (   Snake:4 :

Annotations:
D:3 1 runed translucent door, Crazy Yiuf
D:5 Sigmund
D:6 2 transporters, 3 runed translucent doors, Mesmaeker13's ghost, novice DgFE; arta456's ghost, novice DECj; rikstar's ghost, novice MfFi; zielscheibe's ghost, novice DsTm
D:8 3 runed translucent doors, diceflayer's ghost, novice DsHu
D:11 exclusion: downstairs
Lair:5 1 exclusion


Innate Abilities, Weirdness & Mutations

You are immune to sickness and miasma.
Your stone body is resilient. (AC +13)
You are immune to poison.
Your large and strong wings let you fly.
You resist negative energy. (rN+)
You are resistant to electric shocks. (rElec)
You are resistant to unholy torment.
You are immune to petrification.
You have large cloven feet.
Your flesh is cold resistant. (rC+)
You occasionally shout uncontrollably at your foes.


Message History

The arrow burns the sea snake.
The sea snake is moderately wounded.
Fire: o) +2 longbow (flame)
Press: ? - help, Shift-Dir - straight line, f/p - sea snake
Aim: a sea snake (moderately wounded, 66% to hit)
You shoot an arrow. The arrow hits the sea snake!
The arrow burns the sea snake!
The sea snake is severely wounded.
Fire: o) +2 longbow (flame)
Press: ? - help, Shift-Dir - straight line, f/p - sea snake
Aim: a sea snake (severely wounded, 66% to hit)
You shoot an arrow. The arrow barely misses the sea snake.
The sea snake completely misses you.
Fire: o) +2 longbow (flame)
Press: ? - help, Shift-Dir - straight line, f/p - sea snake
Aim: a sea snake (severely wounded, 66% to hit)
You shoot an arrow. The arrow barely misses the sea snake.
The sea snake misses you.
Fire: o) +2 longbow (flame)
Press: ? - help, Shift-Dir - straight line, f/p - sea snake
Aim: a sea snake (severely wounded, 66% to hit)
You shoot an arrow. The arrow hits the sea snake!!
The arrow burns the sea snake.
You kill the sea snake!
Fire: o) +2 longbow (flame)
Press: ? - help, Shift-Dir - straight line, f - naga sharpshooter
Aim: a naga sharpshooter, wielding a +0 arbalest and wearing a +0 robe (heavily wounded, strong, 76% to hit)
You shoot an arrow.
The arrow barely misses the naga sharpshooter.
The naga sharpshooter casts a spell.
Fire: o) +2 longbow (flame)
Press: ? - help, Shift-Dir - straight line, f/p - naga sharpshooter
Aim: a naga sharpshooter, wielding a +0 arbalest and wearing a +0 robe (heavily wounded, strong, 76% to hit)
You shoot an arrow.
The arrow closely misses the naga sharpshooter.
The naga sharpshooter gestures wildly while chanting.
The naga sharpshooter magically shoots a bolt.
The bolt hits you!!
You die...
Your body crumbles into a pile of gold.

.## ..~~~..§# .........#####...##
..## ..S..###.[####....########..
..N###'''###...# #.###'.#....#..
.N.##.....##...# ###.......#.#..
###§$..........# #............#..
#[$........... #............#..
#.............#............##..
#........###...............##..
#.......##.###@####+####..#.#..
#......N#....#$# #.#..#..
#.....S.#..###.# $ #.####..
#.......##...#.# #.#####.
#.......N..N.N.# $ #.....##
#.......#....$$#########......#
###.......#.#.##...........##.###
..........##...+.....#..###)### #
..........#..#.##....'....#...###


You could see a naga sharpshooter (strong).

Vanquished Creatures
  Nikola (Snake:3)
  Rupert (D:12)
  Asterion (Snake:3)
  Kirke (Snake:3)
  Agnes (Snake:3)
  Donald (Snake:1)
  2 nagarajas
  3 orc warlords (Orc:2)
  Aizul (Snake:4)
  Nessos (Lair:5)
  An ettin (Orc:2)
  A salamander tyrant (Snake:2)
  5 hydras
  An ice dragon (Lair:5)
  4 anacondas
  3 catoblepae
  5 two-headed ogres
  A death knight (D:14)
  6 centaur warriors
  4 tengu warriors
  15 naga warriors
  12 naga sharpshooters
  4 boulder beetles
  Urug (D:14)
  An orc high priest (Orc:2)
  A vampire mage (D:15)
  7 shock serpents
  Sonja (Orc:1)
  10 skeletal warriors
  3 naga ritualists
  8 sea snakes
  A bog body (Lair:2)
  7 lindwurms
  8 mana vipers
  2 orc knights
  A deep elf pyromancer (D:12)
  An oklob plant (Lair:4)
  A necromancer (D:15)
  4 orc sorcerers
  12 ugly things
  10 salamanders
  5 manticores
  6 cyclopes
  A stone giant zombie (D:15)
  9 elephants
  31 black mambas
  7 guardian serpents
  13 naga magi
  A fire giant skeleton (D:15)
  16 cane toads
  6 torpor snails
  2 gargoyles (D:12)
  5 rime drakes
  A spriggan zombie (D:15)
  9 komodo dragons
  3 efreet
  A tengu conjurer (D:14)
  A polar bear (Lair:1)
  4 tyrant leeches (Lair:5)
  7 trolls
  6 hornets (Lair:5)
  A wind drake (shapeshifter) (D:15)
  21 blink frogs
  8 dream sheep (Lair:3)
  7 slime creatures (D:14)
  2 shadows
  6 basilisks
  2 wraiths
  27 yaks
  4 wyverns
  17 humans
  Eustachio (D:4)
  A hog (Snake:3)
  4 steam dragons
  2 vampire mosquitoes (D:11)
  36 nagas
  6 wargs
  A glowing shapeshifter zombie (D:15)
  4 acid dragons
  24 water moccasins
  Pargi (D:3)
  A sky beast (D:6)
  40 orc warriors
  An ice beast (D:5)
  6 ogres
  A wolf (Lair:5)
  5 centaurs
  4 phantoms
  Blork the orc (D:6)
  A gnoll sergeant (D:9)
  7 bullfrogs
  3 scorpions
  7 wights
  3 killer bees (D:10)
  2 howler monkeys
  2 lava snakes (Snake:2)
  3 hounds
  A jelly (D:5)
  29 orc priests
  4 iguanas
  Ijyb (D:5)
  27 orc wizards
  Natasha (thrice) (D:3)
  10 gnolls
  4 river rats (Sewer)
  12 adders
  2 shadow imps
  3 dart slugs
  4 worms
  92 orcs
  10 ball pythons
  6 endoplasms
  3 giant cockroaches
  4 goblins
  5 hobgoblins
  2 jackals (D:4)
  2 quokkas
  13 bats
  8 frilled lizards
  8 kobolds
  11 rats
  A butterfly (Lair:3)
815 creatures vanquished.

Vanquished Creatures (others)
  A torpor snail (Lair:5)
  A cane toad (Lair:5)
  A human (Snake:3)
  A naga (Snake:1)
  2 adders (D:6)
  An orc (D:6)
  28 fungi
  47 plants
  3 withered plants
85 creatures vanquished.

Grand Total: 900 creatures vanquished

Notes
Turn   | Place    | Note
-------+----------+-------------------------------------------
     0 | D:1      | boyan the Gargoyle Hunter began the quest for the Orb.
     0 | D:1      | Reached XP level 1. HP: 12/12 MP: 1/1
    70 | D:1      | Reached XP level 2. HP: 18/18 MP: 2/2
   109 | D:1      | Found a faded altar of an unknown god.
   803 | D:2      | Reached XP level 3. HP: 22/22 MP: 3/3
   967 | D:2      | Reached skill level 5 in Ranged Weapons
   974 | D:2      | Reached XP level 4. HP: 18/28 MP: 4/4
  1180 | D:3      | Noticed Natasha
  1413 | D:3      | Killed Natasha
  1414 | D:3      | Reached XP level 5. HP: 32/32 MP: 5/5
  1421 | D:3      | Noticed Natasha
  1424 | D:3      | Killed Natasha
  1544 | D:3      | Noticed Natasha
  1561 | D:3      | Killed Natasha
  1562 | D:3      | Reached skill level 6 in Ranged Weapons
  1627 | D:3      | Noticed Pargi
  1640 | D:3      | Killed Pargi
  1641 | D:3      | Reached XP level 6. HP: 32/39 MP: 6/6
  1825 | D:3      | Found a runed translucent door.
  1826 | D:3      | Noticed Crazy Yiuf
  2045 | D:4      | Noticed Eustachio
  2094 | D:4      | Reached skill level 7 in Ranged Weapons
  2094 | D:4      | Reached XP level 7. HP: 39/44 MP: 7/7
  2112 | D:4      | Killed Eustachio
  2113 | D:4      | Reached skill level 5 in Fighting
  2991 | D:5      | Entered Level 5 of the Dungeon
  3017 | D:5      | Noticed Ijyb
  3031 | D:5      | Killed Ijyb
  3110 | D:5      | Noticed Sigmund
  3158 | D:5      | Reached skill level 8 in Ranged Weapons
  3239 | D:5      | Reached XP level 8. HP: 38/51 MP: 8/8
  4030 | D:6      | Reached skill level 9 in Ranged Weapons
  4058 | D:6      | Found a glowing drain.
  4114 | Sewer    | Entered a sewer
  4249 | Sewer    | Reached skill level 10 in Ranged Weapons
  4614 | D:6      | Found a transporter.
  4677 | D:6      | Found a runed translucent gate.
  4678 | D:6      | Found a runed translucent gate.
  4678 | D:6      | Found a runed translucent gate.
  4679 | D:6      | Noticed zielscheibe's ghost (novice DsTm)
  4680 | D:6      | Noticed rikstar's ghost (novice MfFi)
  4680 | D:6      | Noticed Mesmaeker13's ghost (novice DgFE)
  4680 | D:6      | Noticed arta456's ghost (novice DECj)
  4710 | D:6      | Found a transporter.
  4732 | D:6      | Noticed Blork the orc
  4741 | D:6      | Killed Blork the orc
  4742 | D:6      | Reached XP level 9. HP: 56/56 MP: 9/9
  5163 | D:7      | Reached skill level 11 in Ranged Weapons
  5201 | D:7      | Found a sacrificial altar of Ru.
  5291 | D:7      | Found a staircase to the Ecumenical Temple.
  5296 | Temple   | Entered the Ecumenical Temple
  5499 | Temple   | Became a worshipper of Gozag Ym Sagoz the Greedy
  5909 | D:8      | Found a runed translucent gate.
  5909 | D:8      | Found a runed translucent gate.
  5909 | D:8      | Found a runed translucent gate.
  5910 | D:8      | Noticed diceflayer's ghost (novice DsHu)
  5931 | D:8      | Reached skill level 12 in Ranged Weapons
  6107 | D:8      | Found a sparkling altar of Nemelex Xobeh.
  6107 | D:8      | Found a snail-covered altar of Cheibriados.
  6153 | D:8      | Found a radiant altar of Vehumet.
  6535 | D:8      | Reached skill level 13 in Ranged Weapons
  6543 | D:8      | Reached XP level 10. HP: 10/61 MP: 10/10
  6654 | D:9      | Found a staircase to the Lair.
  6914 | D:9      | Found a broken altar of Ashenzari.
  7092 | D:9      | Found a flagged portal.
  7276 | D:10     | Entered Level 10 of the Dungeon
  7310 | D:10     | Reached skill level 14 in Ranged Weapons
  7975 | D:11     | Identified the +0 chain mail of the Tired Knives {rElec
                  | rCorr Dex+2}
  8036 | D:11     | Found Otaxuq's Jewellery Boutique.
  8097 | D:11     | Found Ygroqoz's General Store.
  8104 | D:11     | Found Vucoics's Armour Boutique.
  8243 | D:11     | Found a staircase to the Orcish Mines.
  8337 | D:11     | Noticed an orc knight
  8384 | D:11     | Killed an orc knight
  8452 | D:11     | Reached skill level 15 in Ranged Weapons
  8510 | D:11     | Noticed a manticore
  8530 | D:11     | Killed a manticore
  8728 | D:11     | Found Josu's Magic Scroll Boutique.
  8735 | D:11     | Bought a scroll of fog for 48 gold pieces
  8735 | D:11     | Bought 3 scrolls of identify for 72 gold pieces
  8735 | D:11     | Bought a scroll of teleportation for 36 gold pieces
  8856 | D:11     | Reached XP level 11. HP: 58/65 MP: 11/11
  8940 | D:11     | Reached skill level 16 in Ranged Weapons
  8975 | D:11     | Found Exkefono's Book Boutique.
  9538 | D:12     | Noticed Rupert
  9539 | D:12     | Paralysed by Rupert for 4 turns
  9634 | D:12     | Noticed a deep elf pyromancer
  9637 | D:12     | Killed a deep elf pyromancer
  9988 | D:13     | Found Kurrosam's Fire Supplies.
 10030 | D:13     | Noticed a cyclops
 10039 | D:13     | Killed a cyclops
 10057 | D:13     | Bought a +1 pair of gloves of fire resistance for 198 gold
                  | pieces
 10066 | D:13     | Noticed an orc knight
 10181 | D:13     | Killed an orc knight
 10483 | D:13     | Noticed a skeletal warrior
 10483 | D:13     | Noticed a skeletal warrior
 10564 | D:13     | Noticed a cyclops
 10570 | D:13     | Killed a cyclops
 10571 | D:13     | Reached skill level 1 in Evocations
 10658 | D:13     | Noticed a cyclops
 10677 | D:13     | Killed a cyclops
 10725 | D:13     | Noticed a two-headed ogre
 10804 | D:13     | Killed a two-headed ogre
 10805 | D:13     | Reached skill level 10 in Fighting
 10892 | D:12     | Paralysed by Rupert for 4 turns
 10958 | Lair:1   | Entered Level 1 of the Lair of Beasts
 11054 | Lair:1   | Reached XP level 12. HP: 65/79 MP: 12/12
 11252 | Lair:1   | Noticed a boulder beetle
 11260 | Lair:1   | Killed a boulder beetle
 11698 | Lair:1   | Reached skill level 5 in Evocations
 11795 | Lair:2   | Noticed a boulder beetle
 11808 | Lair:2   | Killed a boulder beetle
 11945 | Lair:2   | You fall into a shaft and drop 2 floors!
 12160 | Lair:4   | Noticed a six-headed hydra
 12169 | Lair:4   | Killed a six-headed hydra
 12661 | Lair:2   | Reached skill level 1 in Armour
 12713 | Lair:2   | Found a staircase to the Swamp.
 12728 | Lair:2   | Reached XP level 13. HP: 85/88 MP: 13/13
 13011 | Lair:2   | Found a staircase to the Snake Pit.
 13602 | Lair:3   | Reached skill level 5 in Armour
 13898 | Lair:3   | Found a runed translucent door.
 14855 | Lair:4   | Identified the +2 mace of the Skies Above {drain, rC+ Str+4
                  | SInv}
 14896 | Lair:4   | Found a viscous altar of Jiyva.
 14899 | Lair:4   | Found a staircase to the Slime Pits.
 15123 | Lair:4   | Reached skill level 15 in Fighting
 15172 | Lair:4   | Got Vyggota's Collected Works on Maledictive Alteration
 15174 | Lair:4   | Got the Encyclopedia of the Evil Eye and the Commander
 15195 | Lair:5   | Entered Level 5 of the Lair of Beasts
 15612 | Lair:5   | HP: 2/92 [cane toad (16)]
 15626 | Lair:5   | Reached skill level 17 in Ranged Weapons
 15626 | Lair:5   | Gained mutation: Your large and strong wings let you fly.
                  | [Gargoyle growth]
 15626 | Lair:5   | Reached XP level 14. HP: 18/98 MP: 14/14
 16151 | Lair:5   | Identified the +3 ring mail "Coanluri" {rC+ Will+ SInv}
 16227 | Lair:5   | Found a runed translucent door.
 16374 | Lair:5   | Reached skill level 18 in Ranged Weapons
 16866 | Lair:5   | Noticed Nessos
 17146 | Orc:1    | Entered Level 1 of the Orcish Mines
 17383 | Orc:2    | Entered Level 2 of the Orcish Mines
 17408 | Orc:1    | Noticed Sonja
 17584 | Orc:2    | Reached skill level 19 in Ranged Weapons
 17752 | Orc:2    | Noticed an orc warlord
 17763 | Orc:2    | Killed an orc warlord
 17862 | Orc:2    | Found Boog's Antique Weapon Boutique.
 18483 | Orc:2    | Found Hydyll's Antique Weapon Shop.
 18485 | Orc:2    | Found Ymeaqunu's Antique Armour Boutique.
 18597 | Orc:2    | Found a staircase to the Elven Halls.
 18726 | Orc:2    | Found Vicisoruoc's General Store.
 18735 | Orc:2    | Bought a potion of resistance for 100 gold pieces
 18735 | Orc:2    | Bought a potion of heal wounds for 50 gold pieces
 18735 | Orc:2    | Bought a scroll of teleportation for 30 gold pieces
 18752 | Orc:2    | Noticed an orc warlord
 18766 | Orc:2    | Killed an orc warlord
 18789 | Orc:2    | Reached XP level 15. HP: 29/103 MP: 15/15
 18859 | Orc:2    | Noticed an orc warlord
 18880 | Orc:2    | Killed an orc warlord
 19139 | Orc:1    | Killed Sonja
 19140 | Orc:1    | Reached skill level 20 in Ranged Weapons
 19425 | Lair:5   | Killed Nessos
 19731 | Lair:5   | Found the +4 Cigotuvi's embrace {Corpsefed rMiasma Drain
                  | rN+}
 19955 | D:12     | Killed Rupert
 20993 | D:14     | Noticed Urug
 20993 | D:14     | Found a gate to the Vaults.
 22044 | D:14     | Found Jevu Gae's Demolitions Depot.
 22126 | D:14     | Bought a wand of roots (4) for 144 gold pieces
 22378 | D:14     | Reached skill level 5 in Dodging
 22709 | D:14     | Killed Urug
 22849 | D:15     | Entered Level 15 of the Dungeon
 23034 | D:15     | Found a staircase to the Depths.
 23189 | D:15     | Reached skill level 10 in Armour
 23239 | D:15     | Reached XP level 16. HP: 72/108 MP: 16/16
 23680 | D:15     | Found a bloodstained altar of Trog.
 24782 | Snake:1  | Entered Level 1 of the Snake Pit
 24796 | Snake:1  | Noticed Donald
 24817 | Snake:1  | Killed Donald
 25877 | Snake:1  | Identified the ring "Heihuej" {+Blink EV+5 Str+3 Int+2
                  | Dex+2}
 26004 | Snake:1  | Reached XP level 17. HP: 119/119 MP: 17/17
 26669 | Snake:2  | Reached skill level 21 in Ranged Weapons
 27573 | Snake:3  | Noticed Kirke
 27608 | Snake:3  | Killed Kirke
 27671 | Snake:3  | Reached XP level 18. HP: 128/128 MP: 18/18
 28275 | Snake:3  | Gained mutation: You are frail. (-10% HP) [potion of
                  | mutation]
 28275 | Snake:3  | Gained mutation: You occasionally lose the ability to read
                  | scrolls when taking damage. [potion of mutation]
 28276 | Snake:3  | Lost mutation: You are frail. (-10% HP) [potion of
                  | mutation]
 28276 | Snake:3  | Lost mutation: You occasionally lose the ability to read
                  | scrolls when taking damage. [potion of mutation]
 28276 | Snake:3  | Gained mutation: Your body sometimes deteriorates upon
                  | taking damage. [potion of mutation]
 28276 | Snake:3  | Gained mutation: You have supernaturally acute eyesight.
                  | (SInv) [potion of mutation]
 28277 | Snake:3  | Lost mutation: Your body sometimes deteriorates upon taking
                  | damage. [potion of mutation]
 28277 | Snake:3  | Lost mutation: You have supernaturally acute eyesight.
                  | (SInv) [potion of mutation]
 28277 | Snake:3  | Gained mutation: Your flesh is cold resistant. (rC+)
                  | [potion of mutation]
 28277 | Snake:3  | Gained mutation: You have large cloven feet. [potion of
                  | mutation]
 28277 | Snake:3  | Gained mutation: You occasionally shout uncontrollably at
                  | your foes. [potion of mutation]
 28318 | Snake:3  | Noticed Asterion
 28339 | Snake:3  | Killed Asterion
 28889 | Snake:3  | Noticed Nikola
 28899 | Snake:3  | Killed Nikola
 29253 | Snake:3  | Noticed Agnes
 29269 | Snake:3  | Killed Agnes
 29578 | Snake:4  | Entered Level 4 of the Snake Pit
 29756 | Snake:4  | Noticed Aizul
 29786 | Snake:4  | Killed Aizul
 30363 | Snake:4  | Found Uradd's Book Shop.
 30604 | Snake:4  | Shot with a bolt by a naga sharpshooter

Illustrated notes

Levels and vault maps discovered:
D:1:      saegor_arrival_under_anarchy, layout_basic,
          hellmonk_ecumenical_altar_crossroads
D:2:      layout_rooms
D:3:      layout_basic, uniq_pargi, uniq_crazy_yiuf_cottage, uniq_natasha
D:4:      layout_basic, kennysheep_flooded_box, uniq_eustachio
D:5:      layout_basic, uniq_ijyb, uniq_sigmund
D:6:      gammafunk_steamed_eel, layout_loops_ring, gup_sewer_entry_glass,
          gammafunk_ghost_cemetery, uniq_blork_the_orc
D:7:      layout_rooms, nicolae_ru_awakened_eye, minmay_temple_entry_wispy
D:8:      layout_cave_pools, grunt_temple_overflow_open,
          gammafunk_ghost_necromancy
D:9:      layout_loops_ring, evilmike_ruin_ashenzari, erik_lair_orcish_takeover,
          enter_bailey_2
D:10:     layout_roguey
D:11:     layout_stronghold, david_orc_5, serial_shops, shop_fountains,
          nicolae_shop_just_a_little_nook, shop, shop, nicolae_square_shop,
          roderic_roman_lattice
D:12:     layout_irregular_city, uniq_rupert
D:13:     layout_loops_ring, nicolae_shop_fire_sale [nicolae_sub_dead_trees],
          minivault_11, kennysheep_generic_room_14
D:14:     layout_roguey, david_vaults_3, minivault_24, nicolae_blasting_shop,
          minmay_increasing_density
D:15:     gammafunk_depths_entry_grave, layout_stronghold, hangedman_decor_push,
          roderic_batcave, tgw_trog
Temple:   bh_familiar_temple
Lair:1:   layout_chaotic_city, st_stairs_13
Lair:2:   layout_cave_pods, skrybe_swamp_entry_bodies,
          minmay_snake_entry_six_corridors
Lair:3:   layout_small_grid, pf_torpor_hydra, lemuel_fruit_tree,
          lemuel_fruit_fields
Lair:4:   layout_small_grid, dpeg_slime_entry_corner, minmay_lindwurm_lava
Lair:5:   wormcave, layout_big_grid, hangedman_lair_in_review, uniq_nessos
Snake:1:  layout_misc_corridors, uniq_donald
Snake:2:  nicolae_sea_snake_s, layout_basic, special_room,
          hangedman_snake_corridor_split
Snake:3:  layout_cave_shapes, special_room, grunt_megastairs_4, uniq_nikola,
          uniq_asterion, uniq_agnes, uniq_kirke
Snake:4:  grunt_snake_rune_pools, layout_cave_town, serial_shops,
          shop_fountains, fake_guardian_serpent_vault, minmay_shop_grove,
          uniq_aizul
Orc:1:    layout_diamond_mine, uniq_sonja
Orc:2:    grunt_orc_community_town_hall, layout_caves,
          grunt_orc_community_big_house_1, grunt_orc_community_big_house_2,
          grunt_orc_community_house_2, grunt_orc_community_house_3,
          grunt_orc_community_house_1, grunt_orc_community_house_1,
          grunt_orc_community_house_2, grunt_orc_community_house_3,
          nicolae_orc_tapped_out

Skill      XL: |  1  2  3  4  5  6  7  8  9 10 11 12 13 14 15 16 17 18 |
---------------+-------------------------------------------------------+-----
Fighting       | 3 4 5 6 10 13 15 17 19 | 19.6
Ranged Weapons | 5 6 7 8 10 13 15 16 17 19 20 21 | 21.3
Evocations     | 3 7 9 |  9.8
Armour         | 2 6 10 | 10.0
Dodging        | 6 |  6.1
Stealth        | |  1.1

Action                     |  1- 3 |  4- 6 |  7- 9 | 10-12 | 13-15 | 16-18 || total
---------------------------+-------+-------+-------+-------+-------+-------++-------
   Fire: Shortbow          |    82 |   196 |   569 |   406 |   987 |       ||  2240
         Arbalest          |       |       |       |   375 |   359 |       ||   734
         Longbow           |       |       |       |       |   566 |   976 ||  1542
 Invoke: Call Merchant     |       |       |       |       |       |     1 ||     1
  Evoke: Wand              |       |       |     2 |    26 |    19 |    15 ||    62
         Condenser vane    |       |       |       |       |     2 |     2 ||     4
    Use: Scroll            |       |       |     4 |    19 |    15 |    11 ||    49
         Potion            |       |       |       |     5 |    11 |     8 ||    24
 Armour: Leather armour    |    16 |    32 |       |       |    93 |   159 ||   300
         Troll leather arm |       |    37 |   161 |   151 |   391 |       ||   740
  Dodge: Dodged            |    30 |    71 |   189 |   191 |   535 |   279 ||  1295
